 Dungeon Crawl Stone Soup version 0.30-a0-715-gdb4ae3e (webtiles) character file.

Game seed: 13364887281698210468

835 Geeful the Sneak (level 7, 0/46 (50) HPs)
             Began as an Octopode Brigand on Jan 24, 2023.
             Slain by a wight
             ... wielding a +4 flail of freezing
              (1 damage)
             ... on level 4 of the Dungeon.
             The game lasted 00:18:05 (3003 turns).

Geeful the Sneak (Octopode Brigand)                 Turns: 3003, Time: 00:18:05

HP:   0/46 (50)     AC:  1    Str: 11    XL:     7   Next: 98%
MP:   7/7           EV: 15    Int: 13    God:
Gold: 213           SH:  0    Dex: 18    Spells: 6/6 levels left

rFire   + . .      SeeInvis .    g - +8 short sword "Vinga" {heavy, rC+ Dex+3 Stlth+}
rCold   + . .      Faith    .    (no shield)
rNeg    . . .      Spirit   .    (helmet restricted)
rPois   .          Reflect  .    h - amulet of regeneration
rElec   .          Harm     .    i - ring of flight
rCorr   .          Rampage  .    u - ring of protection from fire
Will    .....                    (no ring)
Stlth   +++++                    (no ring)
HPRegen 1.07/turn                (no ring)
MPRegen 0.10/turn                (no ring)
                                 (no ring)
                                 (no ring)

@: flying, drained
A: almost no armour, amphibious, 8 rings, camouflage 1, gelatinous body 1,
(nimble swimmer 1), tentacles
a: no special abilities


You were on level 4 of the Dungeon.
You visited 1 branch of the dungeon, and saw 4 of its levels.

You collected 213 gold pieces.

Inventory:

Hand Weapons
 a - a +1 dagger of venom
 g - the +8 short sword "Vinga" (weapon) {heavy, rC+ Dex+3 Stlth+}
   (You found it on level 2 of the Dungeon)

   Dex:       It affects your dexterity (+3).
   rC:        It protects you from cold.
   Stlth:     It makes you more stealthy.
 p - the +1 spear of the Ancient Princes {venom, rElec rF+ rC+ MP+9}
   (You took it off a gnoll on level 3 of the Dungeon)

   rF:        It protects you from fire.
   rC:        It protects you from cold.
   rElec:     It insulates you from electricity.
   MP:        It affects your magic capacity (+9).
Missiles
 b - 21 poisoned darts (quivered)
 c - 3 curare-tipped darts
 r - a throwing net
Armour
 f - a +0 kite shield
Jewellery
 h - an amulet of regeneration (around mantle)
 i - a ring of flight (left tentacle)
 n - an amulet of the acrobat
 u - a ring of protection from fire (right tentacle)
Wands
 s - a wand of flame (19)
Scrolls
 d - a scroll of magic mapping {unknown}
 j - a scroll of teleportation
 m - a scroll of enchant weapon
 o - a scroll of fog
 t - a scroll of blinking
Potions
 e - a potion of haste
 k - a potion of cancellation
 l - a potion of heal wounds {unknown}
 v - a potion of curing {unknown}
 w - a potion of degeneration {unknown}


   Skills:
 + Level 5.1 Fighting
 - Level 2.0(2.9) Short Blades
 + Level 3.1(3.4) Long Blades
 - Level 2.0 Throwing
 + Level 4.7 Dodging
 - Level 5.3 Stealth
 + Level 3.9 Shields


You had 6 spell levels left.
You didn't know any spells.
Your spell library contained the following spells:

 Spells                   Type           Power      Damage    Failure   Level
 Blink                    Tloc           0%         N/A       43%         2
 Ensorcelled Hibernation  Hex/Ice        0%         N/A       43%         2
 Lesser Beckoning         Tloc           0%         N/A       43%         2
 Momentum Strike          Conj/Tloc      0%         3d8       43%         2
 Passwall                 Tmut/Erth      0%         N/A       43%         2
 Swiftness                Air            0%         N/A       67%         3
 Summon Lightning Spire   Summ/Air       0%         N/A       97%         4
 Storm Form               Tmut/Air       0%         N/A       100%        7
 Maxwell's Capacitive Co  Air            0%         ∞         100%        8


Dungeon Overview and Level Annotations

Branches:
Dungeon (4/15)
 Temple: D:4-7

Altars:


Innate Abilities, Weirdness & Mutations

You cannot wear most types of armour.
You are amphibious.
You can wear up to eight rings at the same time.
Your skin changes colour to match your surroundings (Stealth+).
Your rubbery body absorbs attacks. (AC +1, EV +1)
((You are camouflaged when in or above water. (Stealth+)))
You have tentacles for arms and can constrict up to eight enemies at once.


Message History

The wight is almost destroyed.
You constrict the wight.
You destroy the wight!
Your life force feels restored.
Your Fighting skill increases to level 5!
Your Long Blades skill increases to level 3!
You hit the wight. You grab the wight. You squeeze the wight.
The wight is heavily damaged.
You constrict the wight, but do no damage.
The wight barely misses you.
You hit the wight.
The wight is severely damaged.
You constrict the wight, but do no damage.
The wight hits you with a +0 great sword!
You feel drained.
You hit the wight but do no damage. You squeeze the wight.
You destroy the wight!
The wight hits you with a +4 flail of freezing!
You feel drained. The wight freezes you.
You barely miss the wight. You grab the wight.
You constrict the wight, but do no damage.
The wight closely misses you.
You barely miss the wight. You constrict the wight.
The wight closely misses you.
You hit the wight.
The wight is heavily damaged.
You constrict the wight. The wight closely misses you.
You hit the wight. You squeeze the wight.
The wight is almost destroyed.
You constrict the wight, but do no damage.
The wight hits you with a +4 flail of freezing.
* * * LOW HITPOINT WARNING * * *
You feel drained.
* * * LOW HITPOINT WARNING * * *
The wight freezes you.
* * * LOW HITPOINT WARNING * * *
The wight hits you with a +4 flail of freezing!
* * * LOW HITPOINT WARNING * * *
The wight freezes you.
You die...

#.# #.......## #.#
##.####... #.# #.#
#### #.# #.# #†# #.#
#.# #.# #.# ####.#
#:########....#
#######..z@...##.####
.!.....#.####.##.#
#####...)....##.#
#..########.# #..#
#.# #..# #.# #.l# #.#
#..# #.# #..# #.#


You could see a wight.

Vanquished Creatures
  An ogre (D:4)
  A centaur (D:4)
  The ghost of moogleknight the Conjurer, an amateur DECj (D:3)
  A scorpion (D:4)
  3 wights (D:4)
  An orc priest (D:3)
  A jelly (D:2)
  A gnoll bouda (D:3)
  A hound (D:4)
  An orc wizard (D:4)
  9 gnolls
  5 adders
  3 worms
  3 dart slugs
  7 orcs
  7 ball pythons
  10 bats
  8 endoplasms
  3 giant cockroaches
  7 goblins
  7 hobgoblins
  13 jackals
  5 quokkas
  8 frilled lizards
  2 kobolds
  11 rats
120 creatures vanquished.

Vanquished Creatures (others)
  2 plants (D:3)
2 creatures vanquished.

Grand Total: 122 creatures vanquished

Notes
Turn   | Place    | Note
-------+----------+-------------------------------------------
     0 | D:1      | Geeful the Octopode Brigand began the quest for the Orb.
     0 | D:1      | Reached XP level 1. HP: 14/14 MP: 1/1
   243 | D:1      | Reached XP level 2. HP: 20/20 MP: 2/2
   427 | D:1      | Reached XP level 3. HP: 17/25 MP: 3/3
  1224 | D:2      | HP: 1/26 [acid (8)]
  1239 | D:2      | Reached skill level 1 in Shields
  1239 | D:2      | Reached XP level 4. HP: 16/31 MP: 4/4
  1436 | D:2      | Reached XP level 5. HP: 36/36 MP: 5/5
  1437 | D:2      | Identified the +8 short sword "Vinga" {heavy, rC+ Dex+3
                  | Stlth+}
  2100 | D:3      | Reached skill level 1 in Long Blades
  2100 | D:3      | Reached XP level 6. HP: 22/43 MP: 6/6
  2283 | D:3      | Found a transporter.
  2284 | D:3      | Identified the +1 spear of the Ancient Princes {venom,
                  | rElec rF+ rC+ MP+9}
  2291 | D:3      | Found a transporter.
  2291 | D:3      | Noticed moogleknight's ghost (amateur DECj)
  2402 | D:3      | Killed moogleknight's ghost
  2712 | D:4      | Reached XP level 7. HP: 49/49 MP: 7/7
  2997 | D:4      | Reached skill level 5 in Fighting
  3003 | D:4      | HP: 1/46 [wight/+4 flail of freezing (10)]
  3003 | D:4      | Slain by a wight

Illustrated notes

Levels and vault maps discovered:
D:1:      sevenhm_arrival_forest_fort_small_3, layout_basic
D:2:      minmay_inner_zag, layout_basic, minmay_pentomino_pile
D:3:      layout_loops_ring, gammafunk_ghost_gnarly_gnolls,
          minmay_tree_intersection
D:4:      layout_loops_ring, lightli_sewer_entry_pipes

Skill      XL: |  1  2  3  4  5  6  7 |
---------------+----------------------+-----
Dodging        | 2 3 4 |  4.7
Fighting       | 3 4 5 |  5.1
Shields        | 1 2 3 |  3.9
Long Blades    | 1 2 3 |  3.1
Short Blades   | |  2.0
Throwing       | |  2.0
Stealth        | |  5.3

Action                     |  1- 3 |  4- 6 |  7- 9 || total
---------------------------+-------+-------+-------++-------
  Melee: Dagger            |    83 |    19 |       ||   102
         Constrict         |    19 |    21 |     7 ||    47
         Tentacles         |    14 |    11 |    12 ||    37
         Short sword       |       |    71 |    33 ||   104
         Punch             |       |       |     1 ||     1
  Throw: Dart              |     4 |       |       ||     4
    Use: Scroll            |     1 |     1 |     4 ||     6
         Potion            |     1 |     1 |       ||     2
   Stab: Sleeping          |     9 |    25 |     5 ||    39
 Armour: Skin              |     4 |     3 |     1 ||     8
  Dodge: Dodged            |    60 |    56 |    25 ||   141

Table legend: (Time is in decaauts)
 A = Elapsed time spent in this place.
 B = Non-inter-level travel time spent in this place.
 C = Inter-level travel time spent in this place.
 D = Time resting spent in this place.
 E = Time spent auto-exploring this place.
 F = Levels seen in this place.
 G = Mean time per level.
                   A        B        C        D        E       F      G
               +--------+--------+--------+--------+--------+-----+--------+
         Total |   3019 |   2941 |     78 |     76 |   1666 |   4 |  754.8 |
       Dungeon |   3019 |   2941 |     78 |     76 |   1666 |   4 |  754.8 |
               +--------+--------+--------+--------+--------+-----+--------+

Top non-repeatable levels by time:
     D:1: 1121 daAuts
     D:3: 885 daAuts
     D:2: 710 daAuts
     D:4: 302 daAuts
